 Dungeon Crawl Stone Soup version 0.25-a0-410-g53dbb631d1 (webtiles) character file.

Game seed: 321104563270502559, levelgen mode: deterministic

1161 Alfie the Archer (level 8, -3/60 HPs)
             Began as a Human Hunter on Jan 13, 2020.
             Slain by a killer bee (4 damage)
             ... on level 5 of the Dungeon.
             The game lasted 00:24:00 (4471 turns).

Alfie the Archer (Human Hunter)                     Turns: 4471, Time: 00:24:01

Health: -3/60      AC:  7    Str: 15    XL:     8   Next: 67%
Magic:  8/8        EV: 13    Int: 12    God:
Gold:   295        SH:  0    Dex: 13    Spells: 7/7 levels left

rFire    . . .     SeeInvis .   b - +1 short sword
rCold    . . .     Gourm    .   (no shield)
rNeg     . . .     Faith    .   c - +1 leather armour
rPois    .         Spirit   .   (no helmet)
rElec    .         Reflect  .   (no cloak)
rCorr    .         Harm     .   (no gloves)
MR       .....                  q - +2 pair of boots {run}
Stlth    ++........             (no amulet)
HPRegen  0.20/turn              (no ring)
MPRegen  0.11/turn              (no ring)

@: lethally poisoned (-3 -> -5), quick
A: no striking features
a: no special abilities


You were on level 5 of the Dungeon.
You were not hungry.

You visited 1 branch of the dungeon, and saw 5 of its levels.

You collected 295 gold pieces.

Inventory:

Hand Weapons
 a - a +3 shortbow
 b - a +1 short sword (weapon)
 r - a +2 hand axe of freezing
Armour
 c - a +1 leather armour (worn)
 e - a +0 cloak
 h - a cursed +0 pair of boots
 q - a +2 pair of boots of running (worn)
Jewellery
 m - an uncursed ring of flight
Scrolls
 i - a scroll of blinking
 n - a scroll of remove curse
 o - a scroll of teleportation
 p - a scroll of magic mapping
Potions
 g - a potion of cancellation
Comestibles
 f - 7 rations


   Skills:
 + Level 4.1 Fighting
 + Level 0.2 Short Blades
 + Level 8.9 Bows
 + Level 2.5 Armour
 + Level 3.3 Dodging
 + Level 1.7 Stealth


You had 7 spell levels left.
You didn't know any spells.
Your spell library was empty.

Dungeon Overview and Level Annotations

Branches:
Dungeon (5/15)             Temple (0/1) D:5

Altars:
Yredelemnul

Shops:
D:5 [

Annotations:
D:3 1 runed translucent door


Message History

You feel sick. The killer bee barely misses you.
An orc priest comes into view. It is wielding a +0 hand axe.
The killer bee closely misses you.
You hit the killer bee but do no damage.
The killer bee is moderately wounded.
You feel sick. The killer bee completely misses you.
The killer bee barely misses you.
You closely miss the killer bee.
The killer bee is moderately wounded.
The killer bee barely misses you. x2
You hit the killer bee but do no damage.
The killer bee is moderately wounded.
You feel sick. The killer bee stings you.
* * * LOW HITPOINT WARNING * * *
The killer bee closely misses you.
You hit the killer bee.
The killer bee is heavily wounded.
* * * LOW HITPOINT WARNING * * *
You feel sick. The killer bee stings you.
You die...

*,*,***,,,,,,,* #.* #.
*,,,,,,..,,,,,* *.###.
*,,,,**.,,,,,,* #.....
*,,*,,,.,,,,,,* ###...
****,,*,##o,,,,,,* #...
*,,,,,,,.o##*,*,** #...
#.******#yo,,,*,**### #...
#.# #y#*#.#,,,..# #... ##.#
#@# #.#***#.# #..# #..# #.#
#.# #.# #..# #..# #.# #.#
#.# #..# #..# #.# #.#
#.###... #..#######.#
#.#####.......
#....<.....###....##.##...#
#..#####.#....<)....#.#...#
#......##.#######.##.##.#.#
##........# #.#####....


You could see 2 killer bees and 3 orcs.

Vanquished Creatures
  An ice beast (D:5)
  3 ogres (D:4)
  A centaur (D:5)
  A bullfrog (D:4)
  A scorpion (D:4)
  2 killer bees (D:5)
  3 hounds
  An orc priest (D:5)
  2 iguanas (D:5)
  5 orc wizards
  3 worker ants
  4 adders
  5 gnolls
  An adder skeleton (D:4)
  2 dart slugs
  6 leopard geckos
  9 orcs
  3 bats
  5 giant cockroaches
  6 goblins
  5 hobgoblins
  4 jackals (D:1)
  A quokka (D:4)
  2 ball pythons (D:3)
  5 frilled lizards
  A goblin skeleton (D:3)
  A goblin zombie (D:3)
  4 kobolds
  5 rats
  A plant (D:3)
93 creatures vanquished.

Notes
Turn   | Place    | Note
-------+----------+-------------------------------------------
     0 | D:1      | Alfie the Human Hunter began the quest for the Orb.
     0 | D:1      | Reached XP level 1. HP: 16/16 MP: 1/1
    79 | D:1      | Reached XP level 2. HP: 22/22 MP: 2/2
   217 | D:1      | Reached XP level 3. HP: 21/27 MP: 3/3
  1126 | D:2      | Reached XP level 4. HP: 28/34 MP: 4/4
  1159 | D:2      | Reached skill level 5 in Bows
  1363 | D:2      | Reached skill level 1 in Armour
  1779 | D:3      | Found a runed translucent door.
  1779 | D:3      | Noticed a human
  1828 | D:3      | Found a basalt altar of Yredelemnul.
  2073 | D:3      | Reached XP level 5. HP: 30/39 MP: 5/5
  2413 | D:4      | Reached skill level 6 in Bows
  2413 | D:4      | Reached XP level 6. HP: 3/46 MP: 6/6
  2821 | D:4      | Noticed an ogre
  2829 | D:5      | Entered Level 5 of the Dungeon
  2835 | D:5      | Reached skill level 7 in Bows
  2835 | D:5      | Reached XP level 7. HP: 10/51 MP: 7/7
  3077 | D:4      | Identified a +2 pair of boots of running (You found it on
                  | level 4 of the Dungeon)
  3331 | D:4      | Reached skill level 8 in Bows
  3331 | D:4      | Reached XP level 8. HP: 35/58 MP: 8/8
  4248 | D:5      | Found Qoit Hun's Antique Armour Emporium.
  4334 | D:5      | Found a staircase to the Ecumenical Temple.
  4470 | D:5      | HP: 2/60 [killer bee (5)]
  4471 | D:5      | Slain by a killer bee

Levels and vault maps discovered:
D:1:      saegor_arrival_simple_a, layout_basic
D:2:      layout_basic, first_ration
D:3:      layout_basic, serial_bayou_lagoon_a, dk_yredelemnul_ordeal
D:4:      kb_forest_paths, layout_loops_ring, minmay_misc_feat_encased
D:5:      layout_loops_ring, kennysheep_mini, minmay_temple_entry_fiery,
          serial_shops, shop_fountains, enter_ossuary_4

Skill      XL: |  1  2  3  4  5  6  7  8 |
---------------+-------------------------+-----
Bows           | 5 6 7 8 |  8.9
Armour         | 1 2 |  2.5
Fighting       | 3 4 |  4.1
Dodging        | 3 |  3.3
Short Blades   | |  0.2
Stealth        | |  1.7

Action                   |  1- 3 |  4- 6 |  7- 9 || total
-------------------------+-------+-------+-------++-------
Melee: Short sword       |       |    54 |    51 ||   105
       Shortbow          |       |       |     1 ||     1
 Fire: Shortbow          |    62 |   157 |   127 ||   346
  Use: Scroll            |     5 |     5 |     2 ||    12
       Potion            |       |     2 |     4 ||     6
  Eat: Ration            |       |     2 |     1 ||     3
Armor: Leather armour    |     8 |    28 |    36 ||    72
       Skin              |       |       |     7 ||     7
Dodge: Dodged            |    15 |    43 |    48 ||   106

Table legend:
 A = Non-vault XP
 B = Vault XP
 C = Vault XP percentage of total XP
 D = Non-vault monster count
 E = Vault monster count
 F = Vault count percentage of total count
                 A         B        C        D         E       F
            +---------+---------+-------+---------+---------+-------
      Total |    1620 |      39 |   2.4 |      87 |       5 |   5.4
            +---------+---------+-------+---------+---------+-------
        D:1 |      58 |       0 |   0.0 |      25 |       0 |   0.0
        D:2 |      45 |       0 |   0.0 |      10 |       0 |   0.0
        D:3 |      82 |       2 |   2.4 |      14 |       2 |  12.5
        D:4 |     702 |      37 |   5.0 |      18 |       3 |  14.3
        D:5 |     733 |       0 |   0.0 |      20 |       0 |   0.0
            +---------+---------+-------+---------+---------+-------
